Description

Adept Void ray opener into Colossus, Archon, stalker. In the late game, trade to get Carriers.

Replay - Vibe B2GM Macro Void Adept Opener

Build Order

Get SALT Encoding   

  12  0:02  Probe  
  13  0:14  Probe  
  14  0:22  Pylon  
  14  0:27  Probe  
  15  0:40  Probe  
  16  0:46  Gateway  
  16  0:51  Assimilator  
  16  0:52  Probe  
  17  1:05  Probe  
  18  1:17  Probe (Chrono Boost)  
  19  1:29  Probe (Chrono Boost)  
  20  1:33  Nexus  
  20  1:35  Probe (Chrono Boost)  
  20  1:39  Cybernetics Core  
  21  1:44  Probe  
  22  1:48  Assimilator  
  22  1:54  Pylon  
  22  2:00  Probe  
  23  2:12  Probe  
  24  2:20  Stalker (Chrono Boost)  
  24  2:23  Warp Gate  
  24  2:24  Probe  
  27  2:36  Probe  
  28  2:40  Gateway  
  28  2:42  Shield Battery  
  28  2:45  Probe x2  
  28  2:51  Stargate  
  30  2:57  Probe x2  
  31  2:59  Adept  
  34  3:10  Probe x2 (Chrono Boost)  
  36  3:18  Pylon  
  36  3:22  Probe x2 (Chrono Boost)  
  38  3:29  Pylon  
  38  3:32  Probe x3 (Chrono Boost), Void Ray  
  40  3:39  Probe  
  46  3:47  Adept x2  
  50  3:49  Probe x2  
  50  3:54  Pylon  
  52  4:01  Probe x2  
  53  4:05  Assimilator x2  
  53  4:09  Pylon  
  54  4:10  Void Ray  
  54  4:13  Probe  
  59  4:26  Probe x2  
  61  4:37  Adept x2  
  65  4:40  Nexus  
  65  4:43  Pylon x2  
  65  4:49  Probe x2  
  65  4:50  Void Ray  
  71  5:01  Probe x2, Adept x2  
  77  5:10  Robotics Facility  
  77  5:13  Probe x2 (Chrono Boost)  
  79  5:25  Probe x2 (Chrono Boost), Adept x2  
  85  5:32  Twilight Council, Probe x2 (Chrono Boost)  
  87  5:39  Probe x2  
  89  5:50  Assimilator x2  
  89  5:52  Probe x2, Void Ray  
  91  6:02  Robotics Bay  
  91  6:04  Probe x2, Observer  
  98  6:09  Probe  
  97  6:16  Probe x2  
  92  6:18  Adept x2  
  92  6:21  Probe  
  92  6:31  Probe x2  
  92  6:34  Gateway x4  
  92  6:40  Void Ray  
  92  6:44  Probe x3  
  92  6:47  Blink  
  99  6:51  Stalker x2  
  99  6:53  Colossus (Chrono Boost)  
  109  6:54  Extended Thermal Lance  
  109  7:00  Templar Archives  
  109  7:09  Pylon  
  109  7:22  Void Ray  
  109  7:27  Probe x3  
  109  7:29  Nexus  
  116  7:31  Pylon x2  
  116  7:35  Forge  
  116  7:39  Probe  
  117  7:49  Probe  
  118  7:56  Stalker x6  
  118  7:57  Pylon x2  
  130  8:03  Pylon x2  
  130  8:04  Void Ray  
  130  8:07  Probe x3  
  130  8:11  Colossus (Chrono Boost)  
  133  8:18  Protoss Ground Weapons Level 1 (Chrono Boost)  
  143  8:20  Pylon  
  143  8:26  Pylon x2  
  143  8:33  Void Ray  
  143  8:35  Probe x3  
  146  8:42  Probe  
  146  8:47  Colossus, Charge  
  146  8:48  Probe x3  
  154  8:53  Assimilator x2  
  154  8:56  Probe x4  
  154  9:01  Nexus  
  154  9:02  Pylon x2  
  164  9:15  Protoss Air Weapons Level 1 (Chrono Boost)  
  164  9:18  Zealot x6  
  176  9:29  Assimilator x2  
  176  9:36  Gateway x3  
  176  9:43  Gateway, Void Ray  
  176  9:46  High Templar x6  
  176  9:47  Colossus (Chrono Boost)  
  176  9:49  Gateway x3  
  196  9:59  Archon x3  
  194  10:04  Protoss Ground Weapons Level 2 (Chrono Boost)  
  168  10:13  Probe x4  
  172  10:15  Nexus  
  172  10:17  Pylon  
  172  10:23  Void Ray, Zealot x6  
  172  10:25  Probe  
  185  10:32  Observer (Chrono Boost)  
  185  10:34  Zealot x4  
  198  10:43  Zealot  
  186  11:22  Zealot x8  
  200  11:36  Fleet Beacon  
  200  11:42  Stargate x3  
  198  11:47  Stargate  
  186  12:10  Zealot x7  
  186  12:11  Protoss Ground Weapons Level 3 (Chrono Boost)  
  200  12:18  Protoss Air Weapons Level 2 (Chrono Boost)  
  196  12:44  Carrier x2  
  190  13:28  Carrier  
  190  13:35  Carrier  
  183  14:20  Carrier x3  
  195  14:35  Photon Cannon x3  
  195  14:39  Shield Battery x2  
  195  14:40  Photon Cannon  
  195  14:41  Protoss Air Weapons Level 3 (Chrono Boost)  
  195  14:44  Protoss Shields Level 1 (Chrono Boost)  
  193  14:54  Photon Cannon x2  
  193  14:57  Shield Battery  
  193  15:01  Photon Cannon x3  
  193  15:06  Photon Cannon x3, Shield Battery x3  
  193  15:11  Photon Cannon x3  
  193  15:15  Shield Battery  
  193  15:20  Observer (Chrono Boost)  
  190  15:25  Mothership  
  196  15:28  Probe x2  
  196  15:33  Dark Shrine  
  196  15:34  Observer (Chrono Boost)  
  185  15:53  Observer  
  185  16:06  Probe x4  
  189  16:16  Stalker x5  
  189  16:18  Probe  
  198  16:43  Nexus  
  198  16:47  Pylon x2  
  198  16:48  Photon Cannon x2  
  198  16:49  Shield Battery  
  198  16:52  Pylon  
  190  17:26  Carrier  
  196  17:39  Photon Cannon x3  
  196  17:45  Photon Cannon x3  
  196  17:52  Photon Cannon x3  
  196  17:58  Dark Templar x2  
  196  17:59  Shield Battery  
Spawning Tool Build Advisor. Get it on Overwolf

Go to:

Details

  • Created by: kerimovich
  • Published on: Aug 17, 2021
  • Modified on: Aug 17, 2021
  • Patch: 4.11.0
  • Difficulty: Medium
Show
View Real Time Build Order
Export as new Build Order

Comments (0)

There are no comments. Be the first!

Create an account to comment!